WCHLSIM.com - West Coast Hockey League
html PUBLIC "-//W3C//DTD XHTML 1.0 Transitional//EN" "http://www.w3.org/TR/xhtml1/DTD/xhtml1-transitional.dtd"> WCHL - Game 779 - LOS ANGELES SEALS vs ANCHORAGE ACES

LOS ANGELES SEALS vs ANCHORAGE ACES

Created - 9 février 2023 at 11:25

Goals
1 2 3 T
LOS ANGELES SEALS 0 3 0 3
ANCHORAGE ACES 1 2 1 4
Shots
1 2 3 T
LOS ANGELES SEALS 6 11 5 22
ANCHORAGE ACES 14 13 10 37

1st period

1. ANCHORAGE ACES , Conor Sheary 6 (Phillip Danault 19) at 12:53

Penalties :
Brady Skjei (LOS) for Charging (Minor) at 10:32

2nd period

2. ANCHORAGE ACES , Nikolaj Ehlers 20 (Connor McDavid 43, Nathan MacKinnon 43) at 0:22
3. LOS ANGELES SEALS , Dylan Strome 15 (Matthew Boldy 14, Torey Krug 11) at 1:17
4. LOS ANGELES SEALS , Nikita Kucherov 19 (Gustav Nyquist 21, Noah Dobson 20) at 1:32
5. LOS ANGELES SEALS , Gustav Nyquist 16 (Nikita Kucherov 28, Kevin Hayes 13) at 8:03
6. ANCHORAGE ACES , Connor McDavid 36 (Nathan MacKinnon 44, Nikolaj Ehlers 39) at 14:06

Penalties :
Ben Chiarot (ANC) for Roughing (Minor) at 14:25

3rd period

7. ANCHORAGE ACES , Jonathan Audy-Marchessault 18 (Chris Kreider 23, Joshua Norris 23) at 2:56

Penalties :
No Penalty

Goalie Stats

Linus Ullmark (LOS), 33 saves from 37 shots - (0,892), L, 22-13-5, 59:38 minutes
Darcy Kuemper (ANC), 19 saves from 22 shots - (0,864), W, 28-8-2, 60:00 minutes

Players Stats for LOS ANGELES SEALS

Player Name              G  A  P  +/- PIM S  H  SB GA TA FO     MP     PP MP  PK MP  
------------------------------------------------------------------------------------
Brady Skjei              0  0  0  -1  2   0  0  2  0  0  0/0    22:01   0:49   0:00 
Brandon Carlo            0  0  0   0  0   0  3  0  0  0  0/0    20:34   1:10   1:18 
Christian Dvorak         0  0  0   0  0   1  0  1  0  0  4/7     7:21   0:00   0:41 
Connor Brown             0  0  0   0  0   1  0  0  0  0  0/1    17:33   1:10   0:00 
Dylan Strome             1  0  1   0  0   4  0  0  0  0  7/22   17:33   1:10   0:00 
Filip Hronek             0  0  0   0  0   1  0  1  0  0  0/0    17:24   0:00   0:41 
Gustav Nyquist           1  1  2  -1  0   1  0  1  0  0  1/2    21:27   0:49   0:00 
Kevin Hayes              0  1  1  -1  0   4  1  0  0  0  14/28  21:27   0:49   0:00 
Marcus Pettersson        0  0  0   0  0   0  1  0  0  0  0/0    16:43   0:00   0:00 
Matthew Boldy            0  1  1   0  0   1  0  1  0  0  1/2    17:33   1:10   0:00 
Mikael Backlund          0  0  0   0  0   1  1  0  0  0  9/13   13:39   0:00   1:18 
Nick Bonino              0  0  0   0  0   0  0  0  0  0  0/0    13:02   0:00   0:41 
Nicolas Roy              0  0  0   0  0   2  1  0  0  0  0/1    13:39   0:00   1:18 
Nikita Kucherov          1  1  2  -1  0   4  0  0  0  0  0/0    21:27   0:49   0:00 
Noah Cates               0  0  0   0  0   0  0  0  0  0  0/2     6:40   0:00   0:00 
Noah Dobson              0  1  1   0  0   1  0  1  0  0  0/0    20:34   1:10   1:18 
Philip Tomasino          0  0  0   0  0   1  0  0  0  0  1/1     6:40   0:00   0:00 
Torey Krug               0  1  1  -1  0   0  0  0  0  0  0/0    22:43   0:49   0:41 

Players Stats for ANCHORAGE ACES

Player Name              G  A  P  +/- PIM S  H  SB GA TA FO     MP     PP MP  PK MP  
------------------------------------------------------------------------------------
Alex Goligoski           0  0  0  -1  0   1  1  1  0  0  0/0    19:48   0:52   0:13 
Andrew Ladd              0  0  0   0  0   0  0  0  0  0  0/0     4:02   0:00   0:00 
Ben Chiarot              0  0  0   2  2   0  3  0  0  0  0/0    20:19   0:19   0:00 
Chris Kreider            0  1  1   0  0   4  3  0  0  0  1/1    20:05   1:07   1:21 
Connor McDavid           1  1  2   1  0   3  3  1  0  0  12/25  20:18   0:52   0:00 
Conor Sheary             1  0  1   0  0   3  1  0  0  0  0/1    14:57   0:00   0:00 
Erik Haula               0  0  0   0  0   3  2  0  0  0  1/1    15:35   0:00   0:38 
Jakob Chychrun           0  0  0   0  0   0  0  0  0  0  0/0     0:38   0:00   0:38 
Jani Hakanpaa            0  0  0   2  0   2  1  1  0  0  0/0    22:01   0:00   0:25 
Jean-Sebastien Dea       0  0  0   0  0   1  0  0  0  0  1/1     4:02   0:00   0:00 
John Klingberg           0  0  0   0  0   0  0  5  0  0  0/0    16:50   1:07   0:00 
Jonathan Audy-Marchessau 1  0  1   0  0   2  2  0  0  0  0/0    19:25   1:07   0:00 
Joshua Norris            0  1  1   0  0   4  1  0  0  0  15/24  18:44   1:07   0:00 
Nathan MacKinnon         0  2  2   1  0   4  3  0  0  0  0/2    21:39   0:52   1:21 
Nikolaj Ehlers           1  1  2   1  0   5  1  0  0  0  0/2    19:37   0:52   0:00 
Phillip Danault          0  1  1   0  0   5  2  0  0  0  12/22  19:37   0:00   0:38 
Ryan Pulock              0  0  0   0  0   0  1  0  0  0  0/0    19:12   0:52   1:21 
Seth Jones               0  0  0  -1  0   0  0  0  0  0  0/0    21:11   0:48   1:21 

3 Stars

1 - Connor McDavid (ANC)
2 - Nikolaj Ehlers (ANC)
3 - Nathan MacKinnon (ANC)

Power Play

LOS ANGELES SEALS - 0 on 1 Attempt(s) - 0,00%
ANCHORAGE ACES - 0 on 1 Attempt(s) - 0,00%

Penalty Kill

LOS ANGELES SEALS - 1 on 1 Attempt(s) - 100,00% - Score 0 goal in Penalty Kill
ANCHORAGE ACES - 1 on 1 Attempt(s) - 100,00% - Score 0 goal in Penalty Kill

Team Stat

LOS ANGELES SEALS - Hits : 7 - Faceoff Wins : 37 - Blocked Shots : 7 - Penalty Minutes : 2
ANCHORAGE ACES - Hits : 24 - Faceoff Wins : 42 - Blocked Shots : 8 - Penalty Minutes : 2

Official

Referees : Terry Koharski and Stephen Hiff
Linesman : Matt Brady and Dennis Urban

Game Notes

No Game Note

Finance

Level 1 -- Attendance: 5790 (96,50%) -- Ticket Income 1 158 000 $
Level 2 -- Attendance: 4680 (93,60%) -- Ticket Income 585 000 $
Level 3 -- Attendance: 2000 (100,00%) -- Ticket Income 208 000 $
Level 4 -- Attendance: 3949 (98,73%) -- Ticket Income 276 430 $
Luxury Box -- Attendance: 887 (88,70%) -- Ticket Income 288 275 $
Game was played at the Alaska Center.
Total Attendance: 17306 (96,14%)
Total Ticket Income: 2 515 705 $
Other Expense: 25 157 $
Total Income: 2 490 548 $

LOS ANGELES SEALS

5 vs 5 Forward 
   Center                   Left Wing                Right Wing               Time % Phy DF OF 
 1 Kevin Hayes              Gustav Nyquist           Nikita Kucherov          36     1   2  2  
 2 Dylan Strome             Matthew Boldy            Connor Brown             31     1   2  2  
 3 Mikael Backlund          Nick Bonino              Nicolas Roy              23     1   2  2  
 4 Christian Dvorak         Noah Cates               Philip Tomasino          10     1   2  2  

5 vs 5 Defense 
   Defense                  Defense                                           Time % Phy DF OF 
 1 Torey Krug               Brady Skjei                                       36     1   2  2  
 2 Noah Dobson              Brandon Carlo                                     31     1   2  2  
 3 Filip Hronek             Marcus Pettersson                                 23     1   2  2  
 4 Torey Krug               Brady Skjei                                       10     1   2  2  

PowerPlay Forward 
   Center                   Left Wing                Right Wing               Time % Phy DF OF 
 1 Kevin Hayes              Gustav Nyquist           Nikita Kucherov          55     1   2  2  
 2 Dylan Strome             Matthew Boldy            Connor Brown             45     1   2  2  

PowerPlay Defense
   Defense                  Defense                                           Time % Phy DF OF 
 1 Torey Krug               Brady Skjei                                       55     1   2  2  
 2 Noah Dobson              Brandon Carlo                                     45     1   2  2  

Penalty Kill 4 Players Forward 
   Center                   Wing                     Time % Phy DF OF 
 1 Mikael Backlund          Nicolas Roy              55     1   2  2  
 2 Christian Dvorak         Nick Bonino              45     1   2  2  

Penalty Kill 4 Players Defense
   Defense                  Defense                  Time % Phy DF OF 
 1 Torey Krug               Brady Skjei              55     1   2  2  
 2 Noah Dobson              Brandon Carlo            45     1   2  2  

Penalty Kill - 3 Players Forward 
   Forward                                           Time % Phy DF OF 
 1 Mikael Backlund                                   55     1   2  2  
 2 Nicolas Roy                                       45     1   2  2  

Penalty Kill - 3 Players Defense
   Defense                  Defense                  Time % Phy DF OF 
 1 Torey Krug               Brady Skjei              55     1   2  2  
 2 Noah Dobson              Brandon Carlo            45     1   2  2  

4 vs 4 Forward 
   Center                   Wing                     Time % Phy DF OF 
 1 Nikita Kucherov          Kevin Hayes              55     1   2  2  
 2 Mikael Backlund          Gustav Nyquist           45     1   2  2  

4 vs 4 Defense
   Defense                  Defense                  Time % Phy DF OF 
 1 Torey Krug               Brady Skjei              55     1   2  2  
 2 Noah Dobson              Brandon Carlo            45     1   2  2  

Last Minutes Offensive
   Center                   Left Wing                Right Wing               Defense                  Defense                  
   Kevin Hayes              Gustav Nyquist           Nikita Kucherov          Torey Krug               Brady Skjei              

Last Minutes Defensive
   Center                   Left Wing                Right Wing               Defense                  Defense                  
   Kevin Hayes              Gustav Nyquist           Nikita Kucherov          Torey Krug               Brady Skjei              

Goaltenders
Starting : Linus Ullmark            
Backup : Cal Petersen             

Extra Forwards
Normal : Noah Cates, Nicolas Roy, Dylan Strome - PP : Noah Cates, Nicolas Roy - PK : Dylan Strome
Extra Defensemen
Normal : Filip Hronek, Marcus Pettersson, Noah Dobson - PP : Filip Hronek - PK : Marcus Pettersson, Noah Dobson
Penalty Shots
Nikita Kucherov, Kevin Hayes, Mikael Backlund, Gustav Nyquist, Connor Brown
Custom OT Lines Forwards
Nikita Kucherov, Kevin Hayes, Mikael Backlund, Gustav Nyquist, Connor Brown, Nick Bonino, Nicolas Roy, Dylan Strome, Matthew Boldy, Christian Dvorak
Custom OT Lines Defensemen
Torey Krug, Brady Skjei, Noah Dobson, Brandon Carlo, Filip Hronek

Scratches
Jakub Voracek (Fractured Left Foot Injury), Owen Tippett (Sprained Right Knee Injury)

ANCHORAGE ACES

5 vs 5 Forward 
   Center                   Left Wing                Right Wing               Time % Phy DF OF 
 1 Connor McDavid           Nikolaj Ehlers           Nathan MacKinnon         35     0   1  4  
 2 Joshua Norris            Chris Kreider            Jonathan Audy-Marchessaul30     0   2  3  
 3 Phillip Danault          Erik Haula               Conor Sheary             27     0   2  3  
 4 Phillip Danault          Andrew Ladd              Jean-Sebastien Dea       8      1   2  2  

5 vs 5 Defense 
   Defense                  Defense                                           Time % Phy DF OF 
 1 Seth Jones               Alex Goligoski                                    33     1   2  2  
 2 Jani Hakanpaa            Ryan Pulock                                       33     1   2  2  
 3 Ben Chiarot              John Klingberg                                    21     1   2  2  
 4 Ben Chiarot              Jani Hakanpaa                                     13     1   2  2  

PowerPlay Forward 
   Center                   Left Wing                Right Wing               Time % Phy DF OF 
 1 Connor McDavid           Nikolaj Ehlers           Nathan MacKinnon         55     0   0  5  
 2 Joshua Norris            Chris Kreider            Jonathan Audy-Marchessaul45     0   1  4  

PowerPlay Defense
   Defense                  Defense                                           Time % Phy DF OF 
 1 Seth Jones               John Klingberg                                    50     1   2  2  
 2 Ryan Pulock              Alex Goligoski                                    50     1   2  2  

Penalty Kill 4 Players Forward 
   Center                   Wing                     Time % Phy DF OF 
 1 Phillip Danault          Erik Haula               50     1   2  2  
 2 Nathan MacKinnon         Chris Kreider            50     1   2  2  

Penalty Kill 4 Players Defense
   Defense                  Defense                  Time % Phy DF OF 
 1 Ben Chiarot              Ryan Pulock              50     1   2  2  
 2 Seth Jones               Jani Hakanpaa            50     1   2  2  

Penalty Kill - 3 Players Forward 
   Forward                                           Time % Phy DF OF 
 1 Phillip Danault                                   55     1   2  2  
 2 Erik Haula                                        45     1   2  2  

Penalty Kill - 3 Players Defense
   Defense                  Defense                  Time % Phy DF OF 
 1 Ryan Pulock              Seth Jones               55     1   2  2  
 2 Alex Goligoski           Jani Hakanpaa            45     1   2  2  

4 vs 4 Forward 
   Center                   Wing                     Time % Phy DF OF 
 1 Connor McDavid           Phillip Danault          50     1   2  2  
 2 Joshua Norris            Nathan MacKinnon         50     1   2  2  

4 vs 4 Defense
   Defense                  Defense                  Time % Phy DF OF 
 1 Seth Jones               Alex Goligoski           55     1   2  2  
 2 Ryan Pulock              Jani Hakanpaa            45     1   2  2  

Last Minutes Offensive
   Center                   Left Wing                Right Wing               Defense                  Defense                  
   Connor McDavid           Jonathan Audy-MarchessaulNathan MacKinnon         Seth Jones               John Klingberg           

Last Minutes Defensive
   Center                   Left Wing                Right Wing               Defense                  Defense                  
   Connor McDavid           Jonathan Audy-MarchessaulNathan MacKinnon         Seth Jones               Alex Goligoski           

Goaltenders
Starting : Darcy Kuemper            
Backup : Brian Elliott            

Extra Forwards
Normal : Nikolaj Ehlers, Nathan MacKinnon, Connor McDavid - PP : Chris Kreider, Jonathan Audy-Marchessault - PK : Nikolaj Ehlers
Extra Defensemen
Normal : Ben Chiarot, Seth Jones, Alex Goligoski - PP : Ben Chiarot - PK : Ben Chiarot, Seth Jones
Penalty Shots
Connor McDavid, Nathan MacKinnon, Chris Kreider, Jonathan Audy-Marchessault, Joshua Norris
Custom OT Lines Forwards
Nathan MacKinnon, Chris Kreider, Connor McDavid, Jonathan Audy-Marchessault, Joshua Norris, Nikolaj Ehlers, Phillip Danault, Conor Sheary, Erik Haula, Andrew Ladd
Custom OT Lines Defensemen
Seth Jones, John Klingberg, Ryan Pulock, Alex Goligoski, Ben Chiarot

Scratches
Casey Cizikas (Suspend)

% Time on Ice - LOS ANGELES SEALS

Lines # - Real PCT - Wanted PCT - Time Play
Normal Forward
1 - 37% - 36% - 20:28
2 - 29% - 31% - 16:23
3 - 22% - 23% - 12:21
4 - 12% - 10% - 6:40
Normal Defense
1 - 32% - 36% - 17:49
2 - 32% - 31% - 18:06
3 - 30% - 23% - 16:43
4 - 6% - 10% - 3:14
PP Forward
1 - 41% - 55% - 0:49
2 - 59% - 45% - 1:10
PP Defense
1 - 41% - 55% - 0:49
2 - 59% - 45% - 1:10
PK Forward
1 - 66% - 55% - 1:18
2 - 34% - 45% - 0:41
PK Defense
1 - 34% - 55% - 0:41
2 - 66% - 45% - 1:18
PK3 Forward
1 - 0% - 55%
2 - 0% - 45%
PK3 Defense
1 - 0% - 55%
2 - 0% - 45%
44 Forward
1 - 0% - 55%
2 - 0% - 45%
44 Defense
1 - 0% - 55%
2 - 0% - 45%
Last Minute Offensive  - 0:10
Last Minute Defensive  - 0:00
Total
Forward - 60:00
Defense - 60:00

% Time on Ice - ANCHORAGE ACES

Lines # - Real PCT - Wanted PCT - Time Play
Normal Forward
1 - 34% - 35% - 18:45
2 - 32% - 30% - 17:37
3 - 27% - 27% - 14:57
4 - 7% - 8% - 4:02
Normal Defense
1 - 33% - 33% - 18:02
2 - 31% - 33% - 16:59
3 - 28% - 21% - 15:43
4 - 8% - 13% - 4:37
PP Forward
1 - 44% - 55% - 0:52
2 - 56% - 45% - 1:07
PP Defense
1 - 56% - 50% - 1:07
2 - 44% - 50% - 0:52
PK Forward
1 - 32% - 50% - 0:38
2 - 68% - 50% - 1:21
PK Defense
1 - 79% - 50% - 1:34
2 - 21% - 50% - 0:25
PK3 Forward
1 - 0% - 55%
2 - 0% - 45%
PK3 Defense
1 - 0% - 55%
2 - 0% - 45%
44 Forward
1 - 0% - 50%
2 - 0% - 50%
44 Defense
1 - 0% - 55%
2 - 0% - 45%
Last Minute Offensive  - 0:00
Last Minute Defensive  - 0:41
Total
Forward - 60:00
Defense - 60:00

Play-by-Play

1st period


0:01 of 1st period - Kevin Hayes wins face-off versus Connor McDavid in neutral zone.
0:13 of 1st period - Shot by Kevin Hayes.
0:13 of 1st period - Stopped by Darcy Kuemper without a rebound.
0:14 of 1st period - Joshua Norris wins face-off versus Dylan Strome in ANCHORAGE ACES zone.
0:19 of 1st period - Noah Dobson is hit by Chris Kreider and loses puck.
0:28 of 1st period - Shot by Dylan Strome.
0:28 of 1st period - Stopped by Darcy Kuemper with a rebound.
0:37 of 1st period - Jonathan Audy-Marchessault is hit by Brandon Carlo.
1:46 of 1st period - Shot by Conor Sheary.
1:46 of 1st period - Stopped by Linus Ullmark without a rebound.
1:47 of 1st period - Kevin Hayes wins face-off versus Nikolaj Ehlers in LOS ANGELES SEALS zone.
1:52 of 1st period - Shot by Nikita Kucherov.
1:52 of 1st period - Shot Blocked by Connor McDavid.
2:44 of 1st period - Icing by Seth Jones.
2:45 of 1st period - Christian Dvorak wins face-off versus Connor McDavid in ANCHORAGE ACES zone.
2:48 of 1st period - Shot by Christian Dvorak.
2:48 of 1st period - Stopped by Darcy Kuemper without a rebound.
2:49 of 1st period - Jean-Sebastien Dea wins face-off versus Christian Dvorak in ANCHORAGE ACES zone.
3:15 of 1st period - Shot by Phillip Danault.
3:15 of 1st period - Stopped by Linus Ullmark without a rebound.
3:16 of 1st period - Joshua Norris wins face-off versus Connor Brown in LOS ANGELES SEALS zone.
3:40 of 1st period - Matthew Boldy is hit by Ben Chiarot and loses puck.
3:47 of 1st period - Shot by Dylan Strome.
3:47 of 1st period - Stopped by Darcy Kuemper without a rebound.
3:48 of 1st period - Kevin Hayes wins face-off versus Phillip Danault in ANCHORAGE ACES zone.
3:59 of 1st period - Shot by Nikita Kucherov.
3:59 of 1st period - Shot Blocked by Jani Hakanpaa.
4:13 of 1st period - Shot by Conor Sheary.
4:13 of 1st period - Shot Misses the Net.
4:15 of 1st period - Shot by Phillip Danault.
4:15 of 1st period - Stopped by Linus Ullmark without a rebound.
4:16 of 1st period - Mikael Backlund wins face-off versus Connor McDavid in LOS ANGELES SEALS zone.
4:21 of 1st period - Mikael Backlund is hit by Nathan MacKinnon and loses puck.
4:49 of 1st period - Connor McDavid is hit by Nicolas Roy and loses puck.
5:48 of 1st period - Jani Hakanpaa is hit by Kevin Hayes and loses puck.
5:55 of 1st period - Shot by Kevin Hayes.
5:55 of 1st period - Shot Misses the Net.
5:57 of 1st period - Shot by Nikita Kucherov.
5:57 of 1st period - Stopped by Darcy Kuemper without a rebound.
5:58 of 1st period - Joshua Norris wins face-off versus Dylan Strome in ANCHORAGE ACES zone.
6:11 of 1st period - Shot by Dylan Strome.
6:11 of 1st period - Shot Blocked by John Klingberg.
6:21 of 1st period - Shot by Matthew Boldy.
6:21 of 1st period - Shot Misses the Net.
6:34 of 1st period - Icing by Joshua Norris.
6:35 of 1st period - Joshua Norris wins face-off versus Kevin Hayes in ANCHORAGE ACES zone.
6:44 of 1st period - Shot by Jonathan Audy-Marchessault.
6:44 of 1st period - Shot Misses the Net.
6:46 of 1st period - Shot by Jonathan Audy-Marchessault.
6:46 of 1st period - Shot Misses the Net.
7:04 of 1st period - Shot by Kevin Hayes.
7:04 of 1st period - Stopped by Darcy Kuemper without a rebound.
7:05 of 1st period - Connor McDavid wins face-off versus Christian Dvorak in ANCHORAGE ACES zone.
7:26 of 1st period - Shot by Noah Cates.
7:26 of 1st period - Shot Misses the Net.
7:28 of 1st period - Shot by Christian Dvorak.
7:28 of 1st period - Shot Misses the Net.
7:33 of 1st period - Noah Cates is hit by Alex Goligoski and loses puck.
8:05 of 1st period - Off-side.
8:06 of 1st period - Erik Haula wins face-off versus Dylan Strome in neutral zone.
8:15 of 1st period - Shot by Erik Haula.
8:15 of 1st period - Shot Misses the Net.
8:34 of 1st period - Icing by Filip Hronek.
8:35 of 1st period - Joshua Norris wins face-off versus Dylan Strome in LOS ANGELES SEALS zone.
8:36 of 1st period - Shot by Jonathan Audy-Marchessault.
8:36 of 1st period - Stopped by Linus Ullmark with a rebound.
8:50 of 1st period - Shot by Chris Kreider.
8:50 of 1st period - Shot Misses the Net.
9:00 of 1st period - Shot by Jonathan Audy-Marchessault.
9:00 of 1st period - Shot Misses the Net.
9:02 of 1st period - Shot by Jani Hakanpaa.
9:02 of 1st period - Stopped by Linus Ullmark with a rebound.
9:04 of 1st period - Shot by Joshua Norris.
9:04 of 1st period - Shot Misses the Net.
9:49 of 1st period - Shot by Phillip Danault.
9:49 of 1st period - Deflect By Jean-Sebastien Dea.
9:49 of 1st period - Stopped by Linus Ullmark without a rebound.
9:50 of 1st period - Connor McDavid wins face-off versus Kevin Hayes in LOS ANGELES SEALS zone.
9:57 of 1st period - Shot by Nikolaj Ehlers.
9:57 of 1st period - Shot Misses the Net.
10:19 of 1st period - Shot by Connor McDavid.
10:19 of 1st period - Shot Misses the Net.
10:21 of 1st period - Shot by Alex Goligoski.
10:21 of 1st period - Shot Misses the Net.
10:32 of 1st period - Minor Penalty to Brady Skjei for Charging.
10:33 of 1st period - Mikael Backlund wins face-off versus Joshua Norris in LOS ANGELES SEALS zone.
10:50 of 1st period - Shot by Joshua Norris.
10:50 of 1st period - Shot Misses the Net.
12:53 of 1st period - Shot by Phillip Danault.
12:53 of 1st period - Deflect By Conor Sheary.
12:53 of 1st period - Goal by Conor Sheary - LOS ANGELES SEALS : 0 - ANCHORAGE ACES : 1.
12:54 of 1st period - Dylan Strome wins face-off versus Phillip Danault in neutral zone.
13:25 of 1st period - Icing by Filip Hronek.
13:26 of 1st period - Dylan Strome wins face-off versus Connor McDavid in LOS ANGELES SEALS zone.
13:46 of 1st period - Icing by Matthew Boldy.
13:47 of 1st period - Dylan Strome wins face-off versus Joshua Norris in LOS ANGELES SEALS zone.
14:01 of 1st period - Icing by Seth Jones.
14:02 of 1st period - Joshua Norris wins face-off versus Kevin Hayes in ANCHORAGE ACES zone.
14:04 of 1st period - Icing by Jonathan Audy-Marchessault.
14:05 of 1st period - Kevin Hayes wins face-off versus Joshua Norris in ANCHORAGE ACES zone.
14:14 of 1st period - Nikita Kucherov is hit by Joshua Norris.
14:41 of 1st period - Brady Skjei is hit by Jonathan Audy-Marchessault and loses puck.
14:50 of 1st period - Shot by Joshua Norris.
14:50 of 1st period - Stopped by Linus Ullmark without a rebound.
14:51 of 1st period - Phillip Danault wins face-off versus Mikael Backlund in LOS ANGELES SEALS zone.
15:02 of 1st period - Shot by Erik Haula.
15:02 of 1st period - Stopped by Linus Ullmark with a rebound.
15:18 of 1st period - Shot by Erik Haula.
15:18 of 1st period - Deflect By Phillip Danault.
15:18 of 1st period - Shot Misses the Net.
15:20 of 1st period - Shot by Conor Sheary.
15:20 of 1st period - Shot Misses the Net.
15:22 of 1st period - Shot by Jani Hakanpaa.
15:22 of 1st period - Shot Misses the Net.
15:26 of 1st period - Shot by Phillip Danault.
15:26 of 1st period - Shot Misses the Net.
15:28 of 1st period - Shot by Jani Hakanpaa.
15:28 of 1st period - Stopped by Linus Ullmark without a rebound.
15:29 of 1st period - Christian Dvorak wins face-off versus Nikolaj Ehlers in LOS ANGELES SEALS zone.
15:29 of 1st period - Christian Dvorak is hit by Nikolaj Ehlers.
15:44 of 1st period - Christian Dvorak is hit by Nathan MacKinnon and loses puck.
15:52 of 1st period - Marcus Pettersson is hit by Ben Chiarot and loses puck.
16:16 of 1st period - Icing by Nikolaj Ehlers.
16:17 of 1st period - Kevin Hayes wins face-off versus Connor McDavid in ANCHORAGE ACES zone.
16:30 of 1st period - Shot by Kevin Hayes.
16:30 of 1st period - Shot Misses the Net.
17:00 of 1st period - Shot by Kevin Hayes.
17:00 of 1st period - Shot Misses the Net.
17:02 of 1st period - Shot by Gustav Nyquist.
17:02 of 1st period - Shot Misses the Net.
17:39 of 1st period - Shot by Phillip Danault.
17:39 of 1st period - Shot Misses the Net.
17:41 of 1st period - Shot by Conor Sheary.
17:41 of 1st period - Stopped by Linus Ullmark without a rebound.
17:42 of 1st period - Joshua Norris wins face-off versus Dylan Strome in LOS ANGELES SEALS zone.
18:01 of 1st period - Shot by Chris Kreider.
18:01 of 1st period - Stopped by Linus Ullmark without a rebound.
18:02 of 1st period - Phillip Danault wins face-off versus Noah Cates in LOS ANGELES SEALS zone.
19:53 of 1st period - Shot by Connor McDavid.
19:53 of 1st period - Stopped by Linus Ullmark with a rebound.
19:55 of 1st period - Shot by Nikolaj Ehlers.
19:55 of 1st period - Stopped by Linus Ullmark without a rebound.
19:56 of 1st period - Mikael Backlund wins face-off versus Connor McDavid in LOS ANGELES SEALS zone.
19:56 of 1st period - Nick Bonino is hit by Connor McDavid and loses puck.
Goals for this period are 0 for LOS ANGELES SEALS vs 1 for ANCHORAGE ACES.
Shots for this period are 6 for LOS ANGELES SEALS vs 14 for ANCHORAGE ACES.

2nd period


0:01 of 2nd period - Connor McDavid wins face-off versus Kevin Hayes in neutral zone.
0:08 of 2nd period - Shot by Nikolaj Ehlers.
0:08 of 2nd period - Stopped by Linus Ullmark with a rebound.
0:22 of 2nd period - Shot by Nikolaj Ehlers.
0:22 of 2nd period - Goal by Nikolaj Ehlers - LOS ANGELES SEALS : 0 - ANCHORAGE ACES : 2.
0:23 of 2nd period - Mikael Backlund wins face-off versus Phillip Danault in neutral zone.
0:23 of 2nd period - Mikael Backlund is hit by Phillip Danault.
0:51 of 2nd period - Shot by Phillip Danault.
0:51 of 2nd period - Stopped by Linus Ullmark without a rebound.
0:52 of 2nd period - Connor McDavid wins face-off versus Dylan Strome in LOS ANGELES SEALS zone.
1:08 of 2nd period - Torey Krug is hit by Connor McDavid and loses puck.
1:17 of 2nd period - Shot by Dylan Strome.
1:17 of 2nd period - Goal by Dylan Strome - LOS ANGELES SEALS : 1 - ANCHORAGE ACES : 2.
1:18 of 2nd period - Kevin Hayes wins face-off versus Joshua Norris in neutral zone.
1:22 of 2nd period - Icing by Jonathan Audy-Marchessault.
1:23 of 2nd period - Gustav Nyquist wins face-off versus Joshua Norris in ANCHORAGE ACES zone.
1:26 of 2nd period - Shot by Kevin Hayes.
1:26 of 2nd period - Stopped by Darcy Kuemper with a rebound.
1:28 of 2nd period - Shot by Noah Dobson.
1:28 of 2nd period - Shot Blocked by Alex Goligoski.
1:30 of 2nd period - Shot by Gustav Nyquist.
1:30 of 2nd period - Shot Misses the Net.
1:32 of 2nd period - Shot by Nikita Kucherov.
1:32 of 2nd period - Goal by Nikita Kucherov - LOS ANGELES SEALS : 2 - ANCHORAGE ACES : 2.
1:33 of 2nd period - Phillip Danault wins face-off versus Kevin Hayes in neutral zone.
2:30 of 2nd period - Icing by Jani Hakanpaa.
2:31 of 2nd period - Dylan Strome wins face-off versus Phillip Danault in ANCHORAGE ACES zone.
2:46 of 2nd period - Connor Brown is hit by Erik Haula and loses puck.
3:21 of 2nd period - Shot by Nathan MacKinnon.
3:21 of 2nd period - Stopped by Linus Ullmark without a rebound.
3:22 of 2nd period - Joshua Norris wins face-off versus Mikael Backlund in LOS ANGELES SEALS zone.
3:26 of 2nd period - Icing by Marcus Pettersson.
3:27 of 2nd period - Mikael Backlund wins face-off versus Joshua Norris in LOS ANGELES SEALS zone.
3:42 of 2nd period - Shot by Jonathan Audy-Marchessault.
3:42 of 2nd period - Shot Hit the Post.
3:48 of 2nd period - Shot by Joshua Norris.
3:48 of 2nd period - Shot Misses the Net.
4:03 of 2nd period - Shot by Mikael Backlund.
4:03 of 2nd period - Stopped by Darcy Kuemper without a rebound.
4:04 of 2nd period - Kevin Hayes wins face-off versus Connor McDavid in ANCHORAGE ACES zone.
4:05 of 2nd period - Shot by Nikita Kucherov.
4:05 of 2nd period - Stopped by Darcy Kuemper without a rebound.
4:06 of 2nd period - Kevin Hayes wins face-off versus Connor McDavid in ANCHORAGE ACES zone.
4:21 of 2nd period - Shot by Nikolaj Ehlers.
4:21 of 2nd period - Shot Misses the Net.
4:23 of 2nd period - Shot by Nikolaj Ehlers.
4:23 of 2nd period - Stopped by Linus Ullmark without a rebound.
4:24 of 2nd period - Joshua Norris wins face-off versus Matthew Boldy in LOS ANGELES SEALS zone.
4:28 of 2nd period - Chris Kreider is hit by Brandon Carlo and loses puck.
5:10 of 2nd period - Shot by Joshua Norris.
5:10 of 2nd period - Stopped by Linus Ullmark with a rebound.
5:15 of 2nd period - Off-side.
5:16 of 2nd period - Connor McDavid wins face-off versus Kevin Hayes in neutral zone.
5:36 of 2nd period - Icing by Nikita Kucherov.
5:37 of 2nd period - Phillip Danault wins face-off versus Kevin Hayes in LOS ANGELES SEALS zone.
5:52 of 2nd period - Shot by Kevin Hayes.
5:52 of 2nd period - Stopped by Darcy Kuemper with a rebound.
7:02 of 2nd period - Icing by Connor McDavid.
7:03 of 2nd period - Connor McDavid wins face-off versus Dylan Strome in ANCHORAGE ACES zone.
7:16 of 2nd period - Shot by Nikolaj Ehlers.
7:16 of 2nd period - Stopped by Linus Ullmark without a rebound.
7:17 of 2nd period - Joshua Norris wins face-off versus Noah Cates in LOS ANGELES SEALS zone.
7:18 of 2nd period - Shot by Jonathan Audy-Marchessault.
7:18 of 2nd period - Shot Blocked by Christian Dvorak.
7:34 of 2nd period - Shot by Christian Dvorak.
7:34 of 2nd period - Shot Blocked by John Klingberg.
7:36 of 2nd period - Shot by Noah Dobson.
7:36 of 2nd period - Shot Blocked by John Klingberg.
7:55 of 2nd period - Shot by Philip Tomasino.
7:55 of 2nd period - Shot Misses the Net.
7:57 of 2nd period - Shot by Noah Dobson.
7:57 of 2nd period - Stopped by Darcy Kuemper without a rebound.
7:58 of 2nd period - Kevin Hayes wins face-off versus Phillip Danault in ANCHORAGE ACES zone.
8:03 of 2nd period - Shot by Gustav Nyquist.
8:03 of 2nd period - Goal by Gustav Nyquist - LOS ANGELES SEALS : 3 - ANCHORAGE ACES : 2.
8:04 of 2nd period - Phillip Danault wins face-off versus Nicolas Roy in neutral zone.
8:09 of 2nd period - Shot by Conor Sheary.
8:09 of 2nd period - Shot Misses the Net.
8:15 of 2nd period - Phillip Danault is hit by Mikael Backlund and loses puck.
8:35 of 2nd period - Nick Bonino is hit by Ryan Pulock and loses puck.
8:39 of 2nd period - Icing by Ryan Pulock.
8:40 of 2nd period - Kevin Hayes wins face-off versus Conor Sheary in ANCHORAGE ACES zone.
8:53 of 2nd period - Shot by Phillip Danault.
8:53 of 2nd period - Stopped by Linus Ullmark without a rebound.
8:54 of 2nd period - Connor McDavid wins face-off versus Dylan Strome in LOS ANGELES SEALS zone.
9:13 of 2nd period - Shot by Nathan MacKinnon.
9:13 of 2nd period - Shot Blocked by Matthew Boldy.
9:17 of 2nd period - Shot by Nathan MacKinnon.
9:17 of 2nd period - Shot Misses the Net.
9:25 of 2nd period - Shot by Nathan MacKinnon.
9:25 of 2nd period - Shot Misses the Net.
9:27 of 2nd period - Shot by Alex Goligoski.
9:27 of 2nd period - Stopped by Linus Ullmark without a rebound.
9:28 of 2nd period - Kevin Hayes wins face-off versus Joshua Norris in LOS ANGELES SEALS zone.
11:31 of 2nd period - Icing by Phillip Danault.
11:32 of 2nd period - Christian Dvorak wins face-off versus Phillip Danault in ANCHORAGE ACES zone.
11:59 of 2nd period - Shot by Philip Tomasino.
11:59 of 2nd period - Stopped by Darcy Kuemper without a rebound.
12:00 of 2nd period - Kevin Hayes wins face-off versus Joshua Norris in ANCHORAGE ACES zone.
12:03 of 2nd period - Shot by Nikita Kucherov.
12:03 of 2nd period - Shot Blocked by John Klingberg.
12:25 of 2nd period - Shot by Chris Kreider.
12:25 of 2nd period - Stopped by Linus Ullmark without a rebound.
12:26 of 2nd period - Connor McDavid wins face-off versus Dylan Strome in LOS ANGELES SEALS zone.
12:27 of 2nd period - Shot by Nikolaj Ehlers.
12:27 of 2nd period - Deflect By Connor McDavid.
12:27 of 2nd period - Shot Blocked by Noah Dobson.
12:52 of 2nd period - Shot by Nathan MacKinnon.
12:52 of 2nd period - Stopped by Linus Ullmark without a rebound.
12:53 of 2nd period - Phillip Danault wins face-off versus Kevin Hayes in LOS ANGELES SEALS zone.
12:59 of 2nd period - Icing by Brady Skjei.
13:00 of 2nd period - Phillip Danault wins face-off versus Kevin Hayes in LOS ANGELES SEALS zone.
13:19 of 2nd period - Gustav Nyquist is hit by Phillip Danault and loses puck.
14:06 of 2nd period - Shot by Connor McDavid.
14:06 of 2nd period - Goal by Connor McDavid - LOS ANGELES SEALS : 3 - ANCHORAGE ACES : 3.
14:07 of 2nd period - Chris Kreider wins face-off versus Dylan Strome in neutral zone.
14:25 of 2nd period - Minor Penalty to Ben Chiarot for Roughing.
14:26 of 2nd period - Matthew Boldy wins face-off versus Nathan MacKinnon in ANCHORAGE ACES zone.
16:11 of 2nd period - Shot by Matthew Boldy.
16:11 of 2nd period - Stopped by Darcy Kuemper without a rebound.
16:12 of 2nd period - Phillip Danault wins face-off versus Kevin Hayes in ANCHORAGE ACES zone.
16:44 of 2nd period - Shot by Nicolas Roy.
16:44 of 2nd period - Stopped by Darcy Kuemper without a rebound.
16:45 of 2nd period - Philip Tomasino wins face-off versus Connor McDavid in ANCHORAGE ACES zone.
17:53 of 2nd period - Shot by Chris Kreider.
17:53 of 2nd period - Shot Misses the Net.
18:15 of 2nd period - Shot by Nikita Kucherov.
18:15 of 2nd period - Shot Misses the Net.
19:03 of 2nd period - Shot by Erik Haula.
19:03 of 2nd period - Stopped by Linus Ullmark without a rebound.
19:04 of 2nd period - Connor McDavid wins face-off versus Mikael Backlund in LOS ANGELES SEALS zone.
19:07 of 2nd period - Shot by Connor McDavid.
19:07 of 2nd period - Shot Misses the Net.
Goals for this period are 3 for LOS ANGELES SEALS vs 2 for ANCHORAGE ACES.
Shots for this period are 11 for LOS ANGELES SEALS vs 13 for ANCHORAGE ACES.

3rd period


0:01 of 3rd period - Dylan Strome wins face-off versus Phillip Danault in neutral zone.
0:14 of 3rd period - Shot by Phillip Danault.
0:14 of 3rd period - Shot Misses the Net.
0:16 of 3rd period - Shot by Phillip Danault.
0:16 of 3rd period - Stopped by Linus Ullmark without a rebound.
0:17 of 3rd period - Kevin Hayes wins face-off versus Connor McDavid in LOS ANGELES SEALS zone.
0:41 of 3rd period - Shot by Connor McDavid.
0:41 of 3rd period - Stopped by Linus Ullmark with a rebound.
0:43 of 3rd period - Shot by Connor McDavid.
0:43 of 3rd period - Shot Misses the Net.
0:45 of 3rd period - Shot by Connor McDavid.
0:45 of 3rd period - Shot Blocked by Gustav Nyquist.
0:49 of 3rd period - Shot by Nathan MacKinnon.
0:49 of 3rd period - Shot Misses the Net.
1:27 of 3rd period - Shot by Chris Kreider.
1:27 of 3rd period - Shot Misses the Net.
1:50 of 3rd period - Brady Skjei is hit by Jonathan Audy-Marchessault and loses puck.
1:56 of 3rd period - Off-side.
1:57 of 3rd period - Mikael Backlund wins face-off versus Phillip Danault in neutral zone.
2:28 of 3rd period - Shot by Filip Hronek.
2:28 of 3rd period - Stopped by Darcy Kuemper without a rebound.
2:29 of 3rd period - Christian Dvorak wins face-off versus Nathan MacKinnon in ANCHORAGE ACES zone.
2:48 of 3rd period - Shot by Nikolaj Ehlers.
2:48 of 3rd period - Shot Misses the Net.
2:50 of 3rd period - Shot by Nathan MacKinnon.
2:50 of 3rd period - Stopped by Linus Ullmark without a rebound.
2:51 of 3rd period - Joshua Norris wins face-off versus Dylan Strome in LOS ANGELES SEALS zone.
2:56 of 3rd period - Shot by Chris Kreider.
2:56 of 3rd period - Deflect By Jonathan Audy-Marchessault.
2:56 of 3rd period - Goal by Jonathan Audy-Marchessault - LOS ANGELES SEALS : 3 - ANCHORAGE ACES : 4.
2:57 of 3rd period - Phillip Danault wins face-off versus Dylan Strome in neutral zone.
3:40 of 3rd period - Shot by Erik Haula.
3:40 of 3rd period - Stopped by Linus Ullmark with a rebound.
3:56 of 3rd period - Gustav Nyquist is hit by Erik Haula and loses puck.
4:09 of 3rd period - Brady Skjei is hit by Chris Kreider and loses puck.
4:16 of 3rd period - Shot by Joshua Norris.
4:16 of 3rd period - Shot Blocked by Brady Skjei.
4:26 of 3rd period - Shot by Chris Kreider.
4:26 of 3rd period - Stopped by Linus Ullmark with a rebound.
4:28 of 3rd period - Shot by Alex Goligoski.
4:28 of 3rd period - Shot Blocked by Brady Skjei.
4:30 of 3rd period - Shot by Chris Kreider.
4:30 of 3rd period - Shot Misses the Net.
4:36 of 3rd period - Shot by Chris Kreider.
4:36 of 3rd period - Shot Misses the Net.
4:42 of 3rd period - Shot by Chris Kreider.
4:42 of 3rd period - Shot Misses the Net.
4:44 of 3rd period - Shot by Chris Kreider.
4:44 of 3rd period - Stopped by Linus Ullmark with a rebound.
4:46 of 3rd period - Shot by Chris Kreider.
4:46 of 3rd period - Deflect By Joshua Norris.
4:46 of 3rd period - Shot Misses the Net.
4:48 of 3rd period - Shot by Alex Goligoski.
4:48 of 3rd period - Shot Misses the Net.
4:50 of 3rd period - Shot by Jonathan Audy-Marchessault.
4:50 of 3rd period - Deflect By Joshua Norris.
4:50 of 3rd period - Stopped by Linus Ullmark without a rebound.
4:51 of 3rd period - Connor McDavid wins face-off versus Mikael Backlund in LOS ANGELES SEALS zone.
4:52 of 3rd period - Shot by Nikolaj Ehlers.
4:52 of 3rd period - Shot Misses the Net.
4:59 of 3rd period - Nikolaj Ehlers is hit by Marcus Pettersson and loses puck.
5:38 of 3rd period - Shot by Nathan MacKinnon.
5:38 of 3rd period - Shot Blocked by Filip Hronek.
6:13 of 3rd period - Shot by Connor Brown.
6:13 of 3rd period - Stopped by Darcy Kuemper without a rebound.
6:14 of 3rd period - Joshua Norris wins face-off versus Gustav Nyquist in ANCHORAGE ACES zone.
6:23 of 3rd period - Shot by Nikita Kucherov.
6:23 of 3rd period - Stopped by Darcy Kuemper without a rebound.
6:24 of 3rd period - Joshua Norris wins face-off versus Dylan Strome in ANCHORAGE ACES zone.
6:52 of 3rd period - Icing by Chris Kreider.
6:53 of 3rd period - Joshua Norris wins face-off versus Kevin Hayes in ANCHORAGE ACES zone.
6:58 of 3rd period - Kevin Hayes is hit by Chris Kreider.
7:12 of 3rd period - Shot by Chris Kreider.
7:12 of 3rd period - Shot Misses the Net.
7:14 of 3rd period - Shot by Chris Kreider.
7:14 of 3rd period - Shot Misses the Net.
7:16 of 3rd period - Shot by Jonathan Audy-Marchessault.
7:16 of 3rd period - Shot Misses the Net.
7:18 of 3rd period - Shot by Joshua Norris.
7:18 of 3rd period - Stopped by Linus Ullmark with a rebound.
7:52 of 3rd period - Shot by Connor McDavid.
7:52 of 3rd period - Shot Misses the Net.
7:54 of 3rd period - Shot by Connor McDavid.
7:54 of 3rd period - Shot Misses the Net.
7:56 of 3rd period - Shot by Nathan MacKinnon.
7:56 of 3rd period - Shot Misses the Net.
8:37 of 3rd period - Icing by Torey Krug.
8:38 of 3rd period - Kevin Hayes wins face-off versus Phillip Danault in LOS ANGELES SEALS zone.
8:42 of 3rd period - Off-side.
8:43 of 3rd period - Joshua Norris wins face-off versus Dylan Strome in neutral zone.
9:29 of 3rd period - Chris Kreider is hit by Brandon Carlo.
9:45 of 3rd period - Icing by Ben Chiarot.
9:46 of 3rd period - Mikael Backlund wins face-off versus Joshua Norris in ANCHORAGE ACES zone.
10:37 of 3rd period - Icing by Jani Hakanpaa.
10:38 of 3rd period - Phillip Danault wins face-off versus Christian Dvorak in ANCHORAGE ACES zone.
11:15 of 3rd period - Icing by Ryan Pulock.
11:16 of 3rd period - Dylan Strome wins face-off versus Phillip Danault in ANCHORAGE ACES zone.
11:33 of 3rd period - Shot by Dylan Strome.
11:33 of 3rd period - Stopped by Darcy Kuemper without a rebound.
11:34 of 3rd period - Connor McDavid wins face-off versus Kevin Hayes in ANCHORAGE ACES zone.
12:01 of 3rd period - Nikita Kucherov is hit by Connor McDavid and loses puck.
13:03 of 3rd period - Shot by Connor Brown.
13:03 of 3rd period - Shot Blocked by John Klingberg.
13:57 of 3rd period - Shot by Nicolas Roy.
13:57 of 3rd period - Stopped by Darcy Kuemper without a rebound.
13:58 of 3rd period - Phillip Danault wins face-off versus Kevin Hayes in ANCHORAGE ACES zone.
14:29 of 3rd period - Nikita Kucherov is hit by Conor Sheary and loses puck.
15:12 of 3rd period - Off-side.
15:13 of 3rd period - Mikael Backlund wins face-off versus Connor McDavid in neutral zone.
15:23 of 3rd period - Icing by Nick Bonino.
15:24 of 3rd period - Mikael Backlund wins face-off versus Connor McDavid in LOS ANGELES SEALS zone.
16:09 of 3rd period - Shot by Nathan MacKinnon.
16:09 of 3rd period - Shot Misses the Net.
16:11 of 3rd period - Shot by Alex Goligoski.
16:11 of 3rd period - Shot Misses the Net.
16:20 of 3rd period - Nick Bonino is hit by Ben Chiarot and loses puck.
17:00 of 3rd period - Shot by Connor Brown.
17:00 of 3rd period - Shot Misses the Net.
18:01 of 3rd period - Nikita Kucherov is hit by Jani Hakanpaa and loses puck.
18:53 of 3rd period - Shot by Nikolaj Ehlers.
18:53 of 3rd period - Deflect By Nathan MacKinnon.
18:53 of 3rd period - Stopped by Linus Ullmark without a rebound.
18:54 of 3rd period - Phillip Danault wins face-off versus Dylan Strome in LOS ANGELES SEALS zone.
19:18 of 3rd period - Icing by Torey Krug.
19:19 of 3rd period - Dylan Strome wins face-off versus Connor McDavid in LOS ANGELES SEALS zone.
19:38 of 3rd period - LOS ANGELES SEALS, Linus Ullmark is pulled from the net.
19:49 of 3rd period - Icing by Alex Goligoski.
19:50 of 3rd period - Connor McDavid wins face-off versus Kevin Hayes in ANCHORAGE ACES zone.
19:55 of 3rd period - Nikita Kucherov is hit by Nathan MacKinnon and loses puck.
Goals for this period are 0 for LOS ANGELES SEALS vs 1 for ANCHORAGE ACES.
Shots for this period are 5 for LOS ANGELES SEALS vs 10 for ANCHORAGE ACES.


AUSTON
MATTHEWS
JOEL
ERIKSSON
MATHEW
BARZAL

EAST COAST

HOCKEY LEAGUE

  • 21.PIT7MAN3
  • 22.ATL3NHW4
  • 23.WOR5PET4
  • 24.3RHI4
  • 25.QUECHI
  • 26.CHALIM
  • 27.TRVLON
  • 28.CHWBAL